 Dungeon Crawl Stone Soup version 0.20.0 (webtiles) character file.

65 FakerFangirl the Cudgeler (level 3, -2/31 HPs)
             Began as a Draconian Fighter on May 25, 2017.
             Slain by an orc wizard
             ... wielding a +0 dagger
              (4 damage)
             ... on level 3 of the Dungeon.
             The game lasted 00:01:44 (1939 turns).

FakerFangirl the Cudgeler (Draconian Fighter)       Turns: 1939, Time: 00:01:44

Health: -2/31      AC:  8    Str: 18    XL:     3   Next: 94%
Magic:  3/3        EV:  8    Int:  8    God:
Gold:   72         SH:  0    Dex: 11    Spells: 2/2 levels left

rFire    . . .     SeeInvis .   Y - +1 flail
rCold    . . .     Gourm    .   h - +2 large shield
rNeg     . . .     Faith    .   (armour unavailable)
rPois    .         Spirit   .   (helmet restricted)
rElec    .         Reflect  .   (no cloak)
rCorr    .         Harm     .   (no gloves)
MR       .....                  (no boots)
Stlth    +.........             (no amulet)
Regen    0.1/turn               b - +3 ring of protection
MPRegen  0.1/turn               (no ring)

@: confused
A: unfitting armour, cold-blooded, AC +5
a: no special abilities


You were on level 3 of the Dungeon.
You were not hungry.

You visited 1 branch of the dungeon, and saw 3 of its levels.

You collected 72 gold pieces.


Innate Abilities, Weirdness & Mutations

Your plain brown scales are hard. (AC +5)
You cannot fit into any form of body armour.
You are cold-blooded and may be slowed by cold attacks.


   Skills:
 - Level 3.2 Fighting
 + Level 4.2 Maces & Flails
 - Level 2.6 Dodging
 - Level 3.0 Shields


You had 2 spell levels left.
You didn't know any spells.

Inventory:

Hand Weapons
 Y - a +1 flail (weapon)
Missiles
 j - 3 javelins (quivered)
Armour
 h - a +2 large shield (worn)
Jewellery
 b - a +3 ring of protection (left hand)
Scrolls
 a - a scroll of identify
Potions
 c - 3 potions of might
 m - a potion of haste {unknown}
 n - 2 potions of mutation {unknown}
Comestibles
 f - a meat ration
 i - a chunk of flesh

Dungeon Overview and Level Annotations

Branches:
Dungeon (3/15)

Altars:
Makhleb

Annotations:
D:3 2 transporters


Message History

Your shield prevents you from hitting something.
Your tail-slap misses something.
An orc wizard appears from thin air!
Reactivating autopickup.
The orc wizard casts a spell at you. The magic dart hits you!
You hit the orc wizard.
The orc wizard is almost dead.
The orc wizard points at you and mumbles some strange words.
You are confused.
The orc wizard hits you with a dagger.
You bump into the rock wall.
The orc wizard barely misses you.
You bump into the rock wall.
The orc wizard casts a spell at you. You resist with significant effort.
You miss the orc wizard.
The orc wizard is almost dead.
The orc wizard hits you with a dagger.
You die...

##### #...# #.?.# #...#
#@).# # #######
########%o.######..# .......
...........)......Z.
###############..)..........
#8P#~~~~~~;#P8#.....######.r
#..#.......#..#...#.<......r
#^)+...7...+/.#^..#.#####...
#..#.......#..#...#.#####..
#8P#~~~~~;;#P8#.#.#........


You could see an orc wizard.

Vanquished Creatures
  3 adders (D:2)
  An adder zombie (D:3)
  A worm (D:2)
  2 orcs (D:3)
  2 ball pythons
  2 giant cockroaches (D:2)
  3 hobgoblins (D:2)
  2 jackals (D:2)
  A quokka (D:3)
  6 bats
  A frilled lizard (D:2)
  4 kobolds
  4 rats
32 creatures vanquished.

Notes
Turn   | Place    | Note
-------+----------+-------------------------------------------
     0 | D:1      | FakerFangirl the Draconian Fighter began the quest for the Orb.
     0 | D:1      | Reached XP level 1. HP: 19/19 MP: 1/1
     0 | D:1      | 0 ||| counter = 23
   577 | D:1      | You fall through a shaft!
   578 | D:2      | 578 ||| Shafted from D:1 to D:2.
   705 | D:2      | Reached skill level 3 in Maces & Flails
   705 | D:2      | Reached XP level 2. HP: 20/26 MP: 2/2
   818 | D:1      | 818 ||| Successfully unshafted to D:1.
  1041 | D:1      | 1041 ||| UPGRADING to runed large shield.
  1051 | D:1      | 1051 ||| DROPPING +0 shield.
  1052 | D:1      | 1052 ||| READING scroll labeled KUFOAKHL QUWIC.
  1053 | D:1      | 1053 ||| READING scroll labeled QOOTUA NAWU.
  1054 | D:1      | 1054 ||| READING scroll labeled QUOMMA QAVIA.
  1055 | D:1      | 1055 ||| READING scroll labeled VYGOYLUOLY.
  1058 | D:1      | 1058 ||| READING scroll labeled FEULUU ROIGGI.
  1059 | D:1      | 1059 ||| READING scroll labeled ZOLE ENGOIZURPH.
  1060 | D:1      | 1060 ||| READING scroll labeled ZIETRO ITALOG.
  1153 | D:2      | Reached XP level 3. HP: 20/31 MP: 3/3
  1261 | D:2      | 1261 ||| EATING bread ration.
  1401 | D:2      | Reached skill level 4 in Maces & Flails
  1517 | D:2      | Found a burning altar of Makhleb.
  1807 | D:2      | 1807 ||| READING scroll labeled TYV FOSACH.
  1808 | D:2      | 1808 ||| READING scroll labeled PIHUAJ FULL.
  1809 | D:2      | 1809 ||| READING scroll labeled XISTRE POEM.
  1810 | D:2      | 1810 ||| READING scroll labeled PYH OCZAMESCH.
  1811 | D:2      | 1811 ||| DRINKING 2 coppery potions.
  1812 | D:2      | 1812 ||| READING scroll of identify.
  1812 | D:2      | 1812 ||| IDENTIFYING gilded ring
  1813 | D:2      | 1813 ||| UPGRADING to +3 ring of protection.
  1814 | D:2      | 1814 ||| DROPPING potion of brilliance.
  1914 | D:3      | 1914 ||| Stepping ~*~*~tactically~*~*~ (outnumbered).
  1921 | D:3      | 1921 ||| Stepping ~*~*~tactically~*~*~ (outnumbered).
  1933 | D:3      | HP: 7/31 [something (1)]
  1936 | D:3      | HP: 1/31 [orc wizard/dagger (6)]
  1939 | D:3      | Slain by an orc wizard

Vault maps used:
D:1:      tarquinn_simple_flora_water_c, nrook_mini_vaults
D:2:      lemuel_coloured_pillars_altar, minmay_statues_item,
          hangedman_decor_slide_cut
D:3:      gammafunk_steamed_eel

Skill      XL: |  1  2  3 |
---------------+----------+-----
Maces & Flails | 3 4 |  4.2
Fighting       | |  3.2
Dodging        | |  2.6
Shields        | |  3.0

Action                   || total
-------------------------++-------
Melee: Flail             ||   126
       Tailslap          ||    12
Throw: Javelin           ||    10
  Use: Scroll            ||    12
       Potion            ||     1
  Eat: Bread ration      ||     1
Armor: Skin              ||    52
Dodge: Dodged            ||    35
Block: Shield            ||    21
       Large shield      ||    80
